 Dungeon Crawl Stone Soup version 0.15-a0-2232-g756d4b8 (webtiles) character file.

106 PolkaDot the Vexing (level 4, -4/30 HPs)
             Began as a Vampire Enchanter on July 25, 2014.
             Killed from afar by Ijyb (17 damage)
             ... with a wand of fire
             ... on Level 3 of the Dungeon.
             The game lasted 00:09:57 (2267 turns).

PolkaDot the Vexing (Vampire Enchanter)             Turns: 2267, Time: 00:09:57

HP  -4/30        AC  4     Str  7      XL: 4   Next: 55%
MP   1/7         EV 12     Int 18      God:
Gold 105         SH  0     Dex 14      Spells:  3 memorised,  1 level left

rFire  . . .     SeeInvis +     a - +1 dagger
rCold  + + +     Clarity  .     b - +1 robe
rNeg   + + +     rCorr    .     (no shield)
rPois  +         rRot     +     (no helmet)
rElec  .         Spirit   .     (no cloak)
SustAb .         Warding  .     (no gloves)
rMut   .         Stasis   .     v - +0 pair of boots
Gourm  .                        (no amulet)
MR     .....                    m - ring of stealth
                                e - ring of protection from cold

@: regenerating slowly, not resistant to hostile enchantments, stealthy
A: fangs 3, see invisible, unbreathing
a: Bat Form


You were on level 3 of the Dungeon.
You were near bloodless.

You visited 1 branch of the dungeon, and saw 3 of its levels.

You collected 105 gold pieces.

Inventory:

Hand weapons
 a - a +1 dagger (weapon)
Armour
 b - a +1 robe (worn)
 l - a +0 buckler
 v - a +0 pair of boots (worn)
Scrolls
 h - a scroll of noise {unknown}
 k - a scroll of amnesia {unknown}
 n - a scroll of enchant armour {unknown}
 o - a scroll of fear {unknown}
 q - a scroll of remove curse {unknown}
 r - 3 scrolls of fog
 u - a scroll of enchant weapon {unknown}
Jewellery
 e - a ring of protection from cold (left hand)
 m - a ring of stealth (right hand)
Potions
 d - a potion of coagulated blood {@w2}
 f - a potion of haste
 i - a potion of agility {unknown}
 j - a potion of restore abilities {unknown}
 p - 3 potions of lignification {unknown}
 s - a potion of magic {unknown}
Books
 c - a book of Maledictions

   Spells                             Type                      Level
   *Corona                            Hexes                        1
   Sure Blade                         Hexes/Charms                 2
   *Ensorcelled Hibernation           Hexes/Ice                    2
   *Confuse                           Hexes                        3
   Dazzling Spray                     Conjuration/Hexes            3
   Enslavement                        Hexes                        4


   Skills:
 - Level 3.0 Short Blades
 - Level 2.1 Dodging
 + Level 5.3 Stealth
 - Level 2.0 Spellcasting
 * Level 5.7 Hexes
 - Level 1.1 Ice Magic


You had one spell level left.
You knew the following spells:

 Your Spells              Type           Power        Failure   Level  Hunger
a - Corona                Hex            ###....      1%          1    #......
c - Confuse               Hex            ###.....     6%          3    ####...
d - Ensorcelled Hibernat  Hex/Ice        ##....       10%         2    ##.....


Dungeon Overview and Level Annotations

Branches:
Dungeon (3/15)

Altars:

Annotations:
D:3 Ijyb


Innate Abilities, Weirdness & Mutations

You heal slowly.
You have razor-sharp teeth.
You have supernaturally acute eyesight.
You can survive without breathing.


Message History

Ijyb appears confused.
* * * LOW MAGIC WARNING * * *
Ijyb zaps a wand.
Drink which item? (? for menu, Esc to quit)
You feel better.
Ijyb zaps a wand.
You hit Ijyb but do no damage. You bite Ijyb, but do no damage.
Ijyb zaps a wand.
You hit Ijyb.
Ijyb is lightly wounded.
Ijyb barely misses you.
You hit Ijyb but do no damage.
Ijyb is lightly wounded.
You hit Ijyb but do no damage.
Ijyb is lightly wounded.
Ijyb zaps a wand.
You hit Ijyb but do no damage.
Ijyb is lightly wounded.
Ijyb zaps a wand.
The bolt of fire hits you!
Ouch! That really hurt!
You die...

#..........#
#.########## #.#
#.# ### #.#####
..# #.#... # #.#
#.#.###.# #g#
#.....#.# #@#
###.#.#.#
#.######.>...#####
#.................
#.########.#######
#.# #.# #.# #>#
#.# ##.####### #.#
#..%......
#.#######.....####


You could see Ijyb (confused).

Vanquished Creatures
  4 gnolls (D:3)
  2 adders (D:2)
  A worm (D:3)
  A giant gecko (D:2)
  2 oozes
  3 giant cockroaches
  6 hobgoblins
  6 kobolds
  4 bats (D:2)
  A giant newt (D:3)
  9 goblins
  5 rats
44 creatures vanquished.

Notes
Turn   | Place    | Note
--------------------------------------------------------------
     0 | D:1      | PolkaDot, the Vampire Enchanter, began the quest for the Orb.
     0 | D:1      | Reached XP level 1. HP: 13/13 MP: 3/3
   397 | D:1      | Reached XP level 2. HP: 7/19 MP: 2/4
   587 | D:1      | Learned a level 2 spell: Ensorcelled Hibernation
  1396 | D:2      | Reached skill level 1 in Ice Magic
  1396 | D:2      | Reached XP level 3. HP: 24/24 MP: 6/6
  1969 | D:3      | Reached skill level 5 in Hexes
  2067 | D:3      | Reached XP level 4. HP: 30/30 MP: 4/7
  2091 | D:3      | Reached skill level 5 in Stealth
  2241 | D:3      | Learned a level 3 spell: Confuse
  2253 | D:3      | Noticed Ijyb
  2267 | D:3      | Killed from afar by Ijyb

Action                   |  1- 3 |  4- 6 || total
-------------------------+-------+-------++-------
Melee: Dagger            |    78 |    15 ||    93
 Cast: Corona            |     5 |     1 ||     6
       Ensorcelled Hiber |    18 |     3 ||    21
       Confuse           |       |     2 ||     2
  Use: Scroll            |     3 |       ||     3
       Potion            |       |     1 ||     1
 Stab: Sleeping          |    21 |     6 ||    27
